Selects Luftwaffe Battlegroup
Selects Luftwaffe Battlegroup
Selects Luftwaffe Battlegroup
Selects Luftwaffe Pioneer Support
Fallschirmpioneer Squad Paradrop
Construct Infanterie Kompanie
Fallschirmpioneer Squad Paradrop
Fallschirmpioneer Squad Paradrop
Selects Flak 38 Anti-Air Emplacement
Construct Luftwaffe Kompanie
Selects Flak 36 Anti-tank Gun Emplacement
Infanterie Officer Quarters
Selects Stuka Strafing Run
Selects Fallschirmjäger Squad Paradrop
Fallschirmpioneer Squad Paradrop
Marder III M Tank Destroyer
Marder III M Tank Destroyer
Marder III M Tank Destroyer
Luftwaffe Officer Quarters
Fallschirmpioneer Squad Paradrop
Fallschirmpioneer Squad Paradrop